[Event "Titled Tuesday Blitz April 11 Late 2023"]
[White "Manukyan, Sargis A."]
[Black "Estrada Nieto, Julian"]
[WhiteFideId "13303970"]
[BlackFideId "5101018"]
[WhiteElo "2187"]
[BlackElo "2161"]
[Result "1-0"]
[Round "09"]
[TimeControl "180+2"]
[Date "2023.04.11"]
[WhiteClock "0:00:56"]
[BlackClock "0:00:07"]

1. d4 d5 2. c4 dxc4 3. e4 e5 4. Nf3 exd4 5. Bxc4 Nc6 6. O-O Be6 7. Bxe6 fxe6 8. Qb3 Qd7 9. Qxb7 Rb8 10. Qa6 Nge7 11. Nbd2 Ng6 12. b3 Be7 13. Bb2 O-O 14. Rfc1 Rb6 15. Qc4 Bd6 16. Nxd4 Nxd4 17. Qxd4 Bxh2+ 18. Kxh2 Rd6 19. Qxg7+ Qxg7 20. Bxg7 Kxg7 21. Rxc7+ Rf7 22. Rxf7+ Kxf7 23. Nc4 Rd4 24. f3 Ke7 25. Kg3 e5 26. Kf2 Kf6 27. Rh1 Kg7 28. Rh5 Rd1 29. Nxe5 Rd2+ 30. Ke3 Rxa2 31. Nxg6 hxg6 32. Rb5 Rxg2 33. Rb7+ Kf6 34. Rxa7 Rb2 35. Ra6+ Kf7 36. Rb6 g5 37. f4 g4 38. f5 g3 39. Kf4 g2 40. Rg6 Rf2+ 41. Ke5 Rb2 42. b4 Rd2 43. b5 Rb2 44. b6 Rb5+ 45. Kf4 Rxb6 46. Rxg2 Rb4 47. Ra2 Rb7 48. Ra6 Rc7 49. e5 Rb7 50. Kg5 Kg7 51. Rg6+ Kf7 52. e6+ Kf8 53. Rf6+ Kg8 54. Rh6 Kg7 55. f6+ Kg8 56. f7+ Kg7 57. Rg6+ 1-0


[Site "https://www.chess.com"]

[Event "Titled Tuesday Blitz April 11 Late 2023"]
[White "Golubev, Mikhail"]
[Black "Manelyuk, Daniil"]
[WhiteFideId "14100983"]
[BlackFideId "44173920"]
[WhiteElo "2374"]
[BlackElo "2259"]
[Result "0-1"]
[Round "09"]
[TimeControl "180+2"]
[Date "2023.04.11"]
[WhiteClock "0:00:13"]
[BlackClock "0:00:16"]

1. e4 e6 2. d4 d5 3. Nc3 Bb4 4. e5 c5 5. a3 Bxc3+ 6. bxc3 Ne7 7. a4 b6 8. Bb5+ Bd7 9. Bd3 a6 10. Nf3 Qc7 11. O-O c4 12. Be2 Nbc6 13. Ba3 O-O 14. Qd2 f5 15. exf6 Rxf6 16. Ne5 Ng6 17. f4 Nce7 18. Nxg6 Nxg6 19. g3 Bxa4 20. Bg4 Bd7 21. Rae1 Re8 22. Bh5 a5 23. Re2 Rb8 24. Rfe1 b5 25. Bc5 Qc6 26. Bg4 Re8 27. h4 Ne7 28. Bxe7 Rxe7 29. f5 Qd6 30. Kh2 b4 31. cxb4 axb4 32. Qg5 h6 33. Qd2 Be8 34. Rxe6 Rexe6 35. Rxe6 Rxe6 36. fxe6 Bg6 37. Qe3 Be4 38. Qf4 Qxf4 39. gxf4 Bxc2 40. f5 Kf8 41. Kg3 Ke7 42. Kf4 Kd6 43. Bf3 b3 44. Bxd5 b2 45. f6 gxf6 0-1


[Site "https://www.chess.com"]

[Event "Titled Tuesday Blitz April 11 Late 2023"]
[White "Kleiman, Jake"]
[Black "Mickiewicz, Piotr"]
[WhiteFideId "2020041"]
[BlackFideId "1114891"]
[WhiteElo "2399"]
[BlackElo "2246"]
[Result "1-0"]
[Round "09"]
[TimeControl "180+2"]
[Date "2023.04.11"]
[WhiteClock "0:00:19"]
[BlackClock "0:00:01"]

1. e4 e5 2. Nf3 Nf6 3. Nc3 Nc6 4. Bb5 d6 5. d4 exd4 6. Nxd4 Bd7 7. Bxc6 bxc6 8. O-O c5 9. Nde2 Bc6 10. Re1 Be7 11. Nf4 O-O 12. b3 Re8 13. Bb2 a5 14. a4 Rb8 15. Rb1 Bf8 16. Qd3 Rb4 17. f3 c4 18. bxc4 Qb8 19. Ba3 Qa7+ 20. Kf1 Rxb1 21. Rxb1 Nd7 22. Nfd5 g6 23. Nb5 Bxb5 24. cxb5 Bg7 25. Bb2 Ne5 26. Qe3 Qb7 27. Qb3 c6 28. Ne3 Qc8 29. Rd1 Nxf3 30. Bxg7 Nxh2+ 31. Kg1 Kxg7 32. Kxh2 Rxe4 33. b6 d5 34. Qc3+ Kg8 35. Nxd5 Qb8+ 36. Nc7 Qxb6 37. Rd8+ 1-0


[Site "https://www.chess.com"]

[Event "Titled Tuesday Blitz April 11 Late 2023"]
[White "Castaneda, Jhon David"]
[Black "Dilmukhametov, Artur"]
[WhiteFideId "4405048"]
[BlackFideId "24179922"]
[WhiteElo "2102"]
[BlackElo "2199"]
[Result "0-1"]
[Round "09"]
[TimeControl "180+2"]
[Date "2023.04.11"]
[WhiteClock "0:00:21"]
[BlackClock "0:00:29"]

1. d4 Nf6 2. Nf3 b5 3. e4 Nxe4 4. Bxb5 Nd6 5. Bd3 Bb7 6. O-O g6 7. h4 Nc6 8. c3 Bg7 9. h5 e6 10. Bg5 Bf6 11. Bf4 gxh5 12. Nh2 Rg8 13. Qxh5 Ne7 14. Ng4 Nef5 15. f3 Qe7 16. Re1 O-O-O 17. Nd2 Bg5 18. Qh2 Bxf4 19. Qxf4 Nh4 20. Bf1 f5 21. Ne5 Rg7 22. Re2 Rdg8 23. Rf2 Ng6 24. Nxg6 hxg6 25. Nc4 Nxc4 26. Bxc4 g5 27. Qe5 Kb8 28. d5 g4 29. fxg4 Rxg4 30. b3 Qc5 31. Kf1 Rxc4 32. bxc4 Qxc4+ 33. Kg1 Bxd5 34. Rb1+ Ka8 35. Qd4 Qa6 36. Qc5 Bxg2 37. Rxg2 Rxg2+ 38. Kxg2 Qxa2+ 39. Kg3 Qxb1 40. Qxc7 Qb8 0-1


[Site "https://www.chess.com"]

[Event "Titled Tuesday Blitz April 11 Late 2023"]
[White "Averjanov, Alexey"]
[Black "Kornyukov, Alexey"]
[WhiteFideId "14109867"]
[BlackFideId "4150457"]
[WhiteElo "2399"]
[BlackElo "2352"]
[Result "1-0"]
[Round "09"]
[TimeControl "180+2"]
[Date "2023.04.11"]
[WhiteClock "0:01:13"]
[BlackClock "0:00:02"]

1. d4 d5 2. c4 e6 3. Nf3 c6 4. e3 Nf6 5. Nbd2 c5 6. dxc5 Nbd7 7. Be2 Nxc5 8. O-O Be7 9. b3 O-O 10. Bb2 b6 11. Rc1 Bb7 12. Qc2 Rc8 13. Rfd1 Nce4 14. Nxe4 Nxe4 15. Qb1 Bf6 16. cxd5 Bxd5 17. Rxc8 Qxc8 18. Bxf6 Nxf6 19. Rc1 Qb7 20. Qc2 h6 21. h3 Rd8 22. Qc7 Qxc7 23. Rxc7 Rd7 24. Rc8+ Kh7 25. Ne5 Re7 26. f3 g5 27. Bd3+ Kg7 28. Kf2 Nd7 29. Nc4 Nc5 30. Be2 Bxc4 31. Bxc4 Rd7 32. Ke2 Kf6 33. Rh8 Kg7 34. Ra8 e5 35. e4 Kf6 36. Rh8 Kg7 37. Ra8 Kf6 38. Bd5 Ne6 39. Bxe6 Kxe6 40. Rh8 Rc7 41. Kd2 Rd7+ 42. Ke3 Rc7 43. Rxh6+ f6 44. Kd3 Rd7+ 45. Kc3 Rc7+ 46. Kb2 Rd7 47. Kc1 Rc7+ 48. Kb1 Rd7 49. h4 gxh4 50. Rxh4 Rd2 51. Rg4 Rf2 52. Rg7 a5 53. Rb7 Rxg2 54. Rxb6+ Ke7 55. Rb7+ Kd6 56. Rb6+ Kc5 57. Rxf6 Kd4 58. Rc6 Rf2 59. Rc4+ Kd3 60. Rc5 Rxf3 61. Rxe5 Rf2 62. Rxa5 Kxe4 63. Rc5 Kd4 64. Rc4+ Kd3 65. a4 Rg2 66. a5 Rg5 67. Ra4 Kc3 68. Ka2 Rg2+ 69. Ka3 Rg1 70. Rc4+ Kd3 71. Kb4 Ra1 72. Kb5 Ra3 73. b4 Ra1 74. Rc7 Rg1 75. a6 Rg5+ 76. Kb6 Rg6+ 77. Rc6 Rg8 78. b5 Kd4 79. a7 Kd5 80. Kb7 Rg7+ 81. Rc7 Rg8 82. a8=Q 1-0


[Site "https://www.chess.com"]

[Event "Titled Tuesday Blitz April 11 Late 2023"]
[White "Barp, Alberto"]
[Black "Sai Han Thiha"]
[WhiteFideId "872555"]
[BlackFideId "13012290"]
[WhiteElo "2313"]
[BlackElo "1954"]
[Result "1-0"]
[Round "09"]
[TimeControl "180+2"]
[Date "2023.04.11"]
[WhiteClock "0:00:44"]
[BlackClock "0:00:20"]

1. e4 c6 2. d4 d5 3. e5 c5 4. Nf3 cxd4 5. Nxd4 Nc6 6. Bb5 Bd7 7. e6 fxe6 8. Bxc6 bxc6 9. Qe2 Nf6 10. O-O g6 11. Re1 Bg7 12. Bg5 Ne4 13. Be3 c5 14. Nf3 Bxb2 15. Nbd2 Bxa1 16. Rxa1 Nxd2 17. Bxd2 O-O 18. Bh6 Rf5 19. g4 Rf6 20. Ne5 Qc7 21. f4 Rb8 22. h4 d4 23. Rf1 Bc6 24. Kh2 Ba8 25. h5 Qb7 26. hxg6 Rxg6 27. Nxg6 hxg6 28. Qxe6+ Kh7 29. Qf7+ Kxh6 30. g5+ Kh5 31. Qh7+ Kg4 32. Qh3# 1-0


[Site "https://www.chess.com"]

[Event "Titled Tuesday Blitz April 11 Late 2023"]
[White "Lorenzo De La Riva, Lazaro"]
[Black "Oro, Faustino"]
[WhiteFideId "2268809"]
[BlackFideId "20000197"]
[WhiteElo "2294"]
[BlackElo "1984"]
[Result "0-1"]
[Round "09"]
[TimeControl "180+2"]
[Date "2023.04.11"]
[WhiteClock "0:00:10"]
[BlackClock "0:00:19"]

1. Nf3 Nf6 2. g3 d5 3. d4 c6 4. c4 Bf5 5. Nc3 e6 6. Qb3 Qb6 7. c5 Qc7 8. Bf4 Qc8 9. h3 h6 10. g4 Bh7 11. e3 Be7 12. Be2 Nbd7 13. Qd1 Ne4 14. Rc1 b6 15. b4 a5 16. a3 axb4 17. axb4 Ra3 18. Nxe4 Bxe4 19. O-O O-O 20. Nd2 b5 21. Nxe4 dxe4 22. Ra1 Qa6 23. Bc7 Ra8 24. Ba5 Rxa1 25. Qxa1 Bd8 26. Qb1 Bxa5 27. bxa5 Nf6 28. h4 g5 29. hxg5 hxg5 30. f4 gxf4 31. Rxf4 Nd5 32. Qxe4 Nxf4 33. Qxf4 Qxa5 34. Qg5+ Kf8 35. Qh6+ Ke7 36. Qg5+ Kd7 37. Qe5 Qc7 38. Qxc7+ Kxc7 39. Kf2 b4 40. Ke1 b3 41. Kd2 Ra2+ 42. Kc3 Rxe2 43. Kxb3 Rxe3+ 44. Kc4 Re4 45. g5 Rg4 0-1


[Site "https://www.chess.com"]

[Event "Titled Tuesday Blitz April 11 Late 2023"]
[White "Sreyas Payyappat"]
[Black "Nazari, Arad"]
[WhiteFideId "46674969"]
[BlackFideId "12577324"]
[WhiteElo "2083"]
[BlackElo "2242"]
[Result "0-1"]
[Round "09"]
[TimeControl "180+2"]
[Date "2023.04.11"]
[WhiteClock "0:00:04"]
[BlackClock "0:00:22"]

1. e4 c5 2. Nf3 d6 3. d4 cxd4 4. Nxd4 Nf6 5. Nc3 a6 6. h4 e5 7. Nb3 Be6 8. f4 Be7 9. f5 Bd7 10. g4 Bc6 11. Bg2 h6 12. Be3 b5 13. O-O b4 14. Nd5 Nxd5 15. exd5 Bb5 16. Rf3 Bxh4 17. Qd2 a5 18. Rh3 Nd7 19. g5 hxg5 20. Bxg5 Bxg5 21. Rxh8+ Nf8 22. Qf2 Rc8 23. Be4 Rc4 24. Qg2 a4 25. Nd2 Bxd2 26. Bd3 Be3+ 27. Kf1 Rf4+ 28. Ke1 Bxd3 29. cxd3 Qf6 30. Qc2 Qxf5 31. Qc6+ Ke7 32. Qb7+ Nd7 33. Qc8 Rf1+ 34. Ke2 Qf3# 0-1


[Site "https://www.chess.com"]

[Event "Titled Tuesday Blitz April 11 Late 2023"]
[White "Reprintsev, Alexander"]
[Black "De La Colina, Nicolas"]
[WhiteFideId "14100541"]
[BlackFideId "30946921"]
[WhiteElo "2211"]
[BlackElo "2046"]
[Result "0-1"]
[Round "09"]
[TimeControl "180+2"]
[Date "2023.04.11"]
[WhiteClock "0:00:17"]
[BlackClock "0:00:05"]

1. e4 c5 2. b3 g6 3. Bb2 Nf6 4. e5 Nd5 5. Nc3 Nc7 6. d4 cxd4 7. Qxd4 Nc6 8. Qe3 Bg7 9. Nf3 O-O 10. O-O-O d6 11. exd6 exd6 12. Bc4 Bg4 13. Rhe1 Re8 14. Qf4 Be6 15. Bxe6 Nxe6 16. Qxd6 Qa5 17. Rd5 Qb6 18. Qg3 Nb4 19. Rb5 Nxa2+ 20. Nxa2 Qxb5 21. Bxg7 Kxg7 22. Nc3 Qa5 23. Kb2 Rac8 24. Ne5 Nd4 25. Nc4 Qf5 26. Rc1 Ne2 27. Nxe2 Rxe2 28. Qc3+ Qf6 29. Qxf6+ Kxf6 30. Rf1 Rd8 31. h4 h5 32. g3 b5 33. Na3 Rdd2 34. Rc1 a6 35. f4 Rg2 36. Kc3 Rdf2 37. Kb4 Rxg3 38. Ka5 Rxf4 39. Kxa6 b4 40. Nc4 Rxh4 41. Kb5 Kg7 42. Kxb4 Rf4 43. Kc5 h4 44. Nd6 h3 45. b4 Rg5+ 46. Kc6 Rxb4 47. c4 h2 48. Rh1 Rb2 49. Ne4 Rg1 0-1


[Site "https://www.chess.com"]

[Event "Titled Tuesday Blitz April 11 Late 2023"]
[White "Shapiro, Viktor"]
[Black "Ezat, Mohamed"]
[WhiteFideId "4175700"]
[BlackFideId "10600906"]
[WhiteElo "2152"]
[BlackElo "2386"]
[Result "1-0"]
[Round "09"]
[TimeControl "180+2"]
[Date "2023.04.11"]
[WhiteClock "0:00:11"]
[BlackClock "0:00:28"]

1. Nf3 Nf6 2. g3 g6 3. Bg2 Bg7 4. O-O O-O 5. d3 d5 6. c4 Nc6 7. Nc3 e5 8. cxd5 Nxd5 9. Bd2 Re8 10. Rc1 Bg4 11. h3 Bxf3 12. Bxf3 Nxc3 13. bxc3 Qd7 14. Rb1 Rad8 15. Rxb7 e4 16. Bxe4 Rxe4 17. dxe4 Qxh3 18. Rxc7 Ne5 19. Qb3 Rxd2 20. Qb8+ Bf8 21. Rc8 Ng4 22. Rxf8+ Kg7 23. Rg8+ Kf6 24. Qf4+ Ke7 25. Qg5+ f6 26. Qh4 Qxh4 27. gxh4 Rxe2 28. Rg7+ Ke6 29. Rxa7 h5 30. a4 Ra2 31. a5 Ke5 32. a6 Kf4 33. c4 Ne5 34. c5 Ra3 35. Kg2 Nf3 36. Rd1 Nxh4+ 37. Kf1 Nf3 38. c6 Rc3 39. c7 h4 40. Kg2 g5 41. Rb7 h3+ 42. Kxh3 Nh4+ 43. Kh2 g4 44. a7 Rh3+ 45. Kg1 Nf3+ 46. Kg2 Rh2+ 47. Kf1 Rh1+ 48. Ke2 Rh8 49. Rb8 Rh2 50. c8=Q g3 51. Qf5# 1-0


[Site "https://www.chess.com"]

[Event "Titled Tuesday Blitz April 11 Late 2023"]
[White "Sztokbant, Bernardo Vainzoff"]
[Black "Kavutskiy, Konstantin"]
[WhiteFideId "2115956"]
[BlackFideId "2026384"]
[WhiteElo "2222"]
[BlackElo "2323"]
[Result "0-1"]
[Round "09"]
[TimeControl "180+2"]
[Date "2023.04.11"]
[WhiteClock "0:00:31"]
[BlackClock "0:00:42"]

1. e4 c5 2. Nf3 Nc6 3. d4 cxd4 4. Nxd4 Nf6 5. Nc3 e5 6. Ndb5 d6 7. Bg5 a6 8. Na3 b5 9. Nd5 Be7 10. Bxf6 Bxf6 11. c4 b4 12. Nc2 O-O 13. g3 a5 14. Bg2 Be6 15. O-O Bg5 16. b3 Qb8 17. Qe2 Bxd5 18. exd5 Nd8 19. Ne3 Bxe3 20. Qxe3 Nb7 21. f4 Re8 22. Rae1 Nc5 23. f5 f6 24. g4 Kh8 25. g5 Qd8 26. h4 a4 27. bxa4 Rxa4 28. Re2 Ra3 29. Qd2 Qb6 30. Kh1 Rd3 31. Qb2 Ra8 32. Rb1 b3 33. a3 Na4 34. Qc1 Qd4 35. Qe1 Nc3 36. Re4 Nxe4 37. Qxe4 Rh3+ 0-1


[Site "https://www.chess.com"]

[Event "Titled Tuesday Blitz April 11 Late 2023"]
[White "Santos Flores, Alberto"]
[Black "Sabuk, Piotr"]
[WhiteFideId "3601234"]
[BlackFideId "1137565"]
[WhiteElo "2235"]
[BlackElo "2298"]
[Result "0-1"]
[Round "09"]
[TimeControl "180+2"]
[Date "2023.04.11"]
[WhiteClock "0:00:57"]
[BlackClock "0:00:20"]

1. d4 Nf6 2. Bf4 d5 3. Nc3 a6 4. Nf3 Bf5 5. e3 e6 6. Bd3 Bxd3 7. cxd3 c5 8. dxc5 Bxc5 9. d4 Bb4 10. O-O O-O 11. Rc1 Nc6 12. Ne5 Rc8 13. a3 Bxc3 14. Rxc3 Nxe5 15. Rxc8 Qxc8 16. Bxe5 Nd7 17. Bd6 Rd8 18. Qd2 Nb6 19. Rc1 Nc4 20. Qb4 Rxd6 21. b3 Rb6 22. Qa4 Rc6 23. bxc4 b5 24. Qa5 Rxc4 25. Rxc4 dxc4 26. Qc3 Qc6 27. f3 f5 28. Kf2 Kf7 29. Ke2 Qd6 30. g3 Ke7 31. e4 fxe4 32. fxe4 e5 33. d5 Kd7 34. Qb4 Qg6 35. Ke3 Qh6+ 36. Kf3 Qh5+ 37. Ke3 Qxh2 38. Kf3 Qh1+ 39. Ke3 Qg1+ 40. Kf3 Qf1+ 41. Ke3 Qd3+ 42. Kf2 Qxe4 0-1


[Site "https://www.chess.com"]

[Event "Titled Tuesday Blitz April 11 Late 2023"]
[White "Guzman Moneo, Alberto"]
[Black "Vlassov, Nikolai"]
[WhiteFideId "2209616"]
[BlackFideId "4103360"]
[WhiteElo "2157"]
[BlackElo "2324"]
[Result "0-1"]
[Round "09"]
[TimeControl "180+2"]
[Date "2023.04.11"]
[WhiteClock "0:00:05"]
[BlackClock "0:01:05"]

1. e4 Nc6 2. d4 d5 3. e5 h5 4. Bb5 Bg4 5. Ne2 e6 6. c3 Qd7 7. Qa4 Nge7 8. Bg5 a6 9. Bxe7 Bxe7 10. Nd2 O-O 11. Bxc6 Qxc6 12. Qxc6 bxc6 13. Nb3 Rfb8 14. Nec1 a5 15. Nd3 a4 16. Nbc1 f6 17. exf6 gxf6 18. a3 Bd6 19. Nb4 c5 20. dxc5 Bxc5 21. Ncd3 Bd6 22. Nc6 Rb6 23. Ndb4 e5 24. Nxd5 Rxc6 25. Nxf6+ Kf7 26. Ne4 Rb8 27. h3 Bf5 28. Ng3 Bg6 29. O-O Rxb2 30. Rfe1 Rxc3 31. Ne4 Bxe4 32. Rxe4 Rxa3 33. Rxa3 Bxa3 34. Rxa4 Bc5 35. Re4 Bxf2+ 36. Kh2 Bd4 37. Kg3 c5 38. Kf3 c4 0-1


[Site "https://www.chess.com"]

[Event "Titled Tuesday Blitz April 11 Late 2023"]
[White "Alahakoon, Isuru"]
[Black "Janaszak, Dawid"]
[WhiteFideId "9900993"]
[BlackFideId "1119206"]
[WhiteElo "1995"]
[BlackElo "2220"]
[Result "0-1"]
[Round "09"]
[TimeControl "180+2"]
[Date "2023.04.11"]
[WhiteClock "0:00:01"]
[BlackClock "0:00:28"]

1. Nf3 d5 2. e3 c5 3. b3 Nc6 4. Bb2 Bg4 5. Bb5 Qc7 6. h3 Bh5 7. g4 Bg6 8. Ne5 e6 9. h4 f6 10. Nxg6 hxg6 11. c4 O-O-O 12. cxd5 exd5 13. d4 cxd4 14. Bxc6 Bb4+ 15. Kf1 Qxc6 16. Nd2 Qa6+ 17. Kg2 dxe3 18. fxe3 Qd3 19. Nf3 Qxd1 20. Rhxd1 Nh6 21. Kh3 Rhe8 22. Rd3 Re4 23. g5 Nf5 24. gxf6 gxf6 25. Bxf6 Rde8 26. Bg5 Nxe3 27. Bxe3 Rxe3 28. Rxe3 Rxe3 29. Kg4 Kd7 30. Rd1 Kd6 31. Rd4 Bc3 32. Rf4 Re2 33. Rf7 Rg2+ 34. Kh3 Rxa2 35. Rxb7 d4 36. Ng5 Kc6 37. Rb8 Ra3 38. Ne4 Kd5 39. Nxc3+ dxc3 40. Kg4 Kd4 41. Rd8+ Ke3 42. Rb8 c2 43. Re8+ Kd2 44. Rd8+ Kc3 45. Rc8+ Kb2 46. Kg5 Rxb3 47. Kxg6 Rc3 48. Rb8+ Ka2 0-1


[Site "https://www.chess.com"]

[Event "Titled Tuesday Blitz April 11 Late 2023"]
[White "Gonzalez, Francisco Silva"]
[Black "Urazayev, Arystanbek"]
[WhiteFideId "1512285"]
[BlackFideId "13709810"]
[WhiteElo "2074"]
[BlackElo "2449"]
[Result "0-1"]
[Round "09"]
[TimeControl "180+2"]
[Date "2023.04.11"]
[WhiteClock "0:02:11"]
[BlackClock "0:01:42"]

1. d4 Nf6 2. c4 e6 3. Nc3 Bb4 4. a3 Bxc3+ 5. bxc3 O-O 6. e3 c5 7. Bd3 Nc6 8. e4 e5 9. Nf3 d6 10. O-O cxd4 11. cxd4 Bg4 12. d5 Nd4 13. Bg5 Bxf3 14. gxf3 Qd7 15. Be3 Qh3 16. Bxd4 exd4 17. Kh1 Qh4 18. Qd2 Nd7 19. f4 Nc5 20. f3 Nb3 21. Qb2 Nxa1 22. Qxa1 Qxf4 23. Qxd4 f5 24. c5 dxc5 25. Qxc5 fxe4 26. Bxe4 Rae8 27. Qd4 Rxe4 28. Qxa7 Re2 29. Qg1 Rd2 30. Rf2 Rxf2 31. Qxf2 Qxf3+ 0-1


[Site "https://www.chess.com"]

[Event "Titled Tuesday Blitz April 11 Late 2023"]
[White "Tanenbaum, Zachary"]
[Black "Gurevich, Dmitry"]
[WhiteFideId "2060850"]
[BlackFideId "2000407"]
[WhiteElo "2175"]
[BlackElo "2506"]
[Result "1-0"]
[Round "09"]
[TimeControl "180+2"]
[Date "2023.04.11"]
[WhiteClock "0:00:15"]
[BlackClock "0:00:16"]

1. e4 c5 2. Nf3 d6 3. d4 cxd4 4. Nxd4 Nf6 5. Nc3 Nc6 6. Bg5 g6 7. Bb5 Bd7 8. Bxf6 exf6 9. Nde2 Be7 10. Qd2 O-O 11. h4 h5 12. O-O-O f5 13. g3 a6 14. Bd3 Ne5 15. Nd5 Rc8 16. Nec3 Re8 17. Nxe7+ Qxe7 18. exf5 Nxd3+ 19. Qxd3 Bxf5 20. Qxd6 Rxc3 21. bxc3 Qe4 22. Qd2 Qc4 23. Rhe1 Re6 24. Rxe6 Bxe6 25. Qd8+ Kh7 26. Qf6 Bg4 27. Rd8 Qf1+ 28. Kd2 Qd1+ 29. Ke3 Qe2+ 30. Kd4 Qd2+ 31. Kc5 b6+ 32. Kxb6 1-0


[Site "https://www.chess.com"]

[Event "Titled Tuesday Blitz April 11 Late 2023"]
[White "Bilych, Olexiy"]
[Black "Wu, Brandon"]
[WhiteFideId "14156504"]
[BlackFideId "30909228"]
[WhiteElo "2320"]
[BlackElo "2123"]
[Result "1-0"]
[Round "09"]
[TimeControl "180+2"]
[Date "2023.04.11"]
[WhiteClock "0:01:12"]
[BlackClock "0:00:15"]

1. d4 Nf6 2. a3 g6 3. h3 Bg7 4. c3 c5 5. g3 cxd4 6. cxd4 O-O 7. Bg2 d5 8. Nc3 Nc6 9. Nf3 Ne4 10. O-O Nxc3 11. bxc3 Na5 12. Nd2 Be6 13. Rb1 Rc8 14. Qc2 Bf5 15. e4 dxe4 16. Nxe4 Qxd4 17. cxd4 Rxc2 18. Bg5 Re2 19. Rbe1 Rxe1 20. Rxe1 Bxd4 21. Bxe7 Rc8 22. Rd1 Bxe4 23. Bxe4 Nb3 24. Bd5 Nc1 25. Bg5 Ne2+ 26. Kf1 Re8 27. Bf3 f6 28. Bxe2 Bb2 29. Bh6 Bxa3 30. Bc4+ Kh8 31. Rd7 Bf8 32. Bxf8 Rxf8 33. Rxb7 Rc8 34. Bd3 a5 35. Ra7 a4 36. Rxa4 Rd8 37. Ke2 Re8+ 38. Re4 Kg7 39. Rxe8 1-0


[Site "https://www.chess.com"]

[Event "Titled Tuesday Blitz April 11 Late 2023"]
[White "Adewumi, Tanitoluwa"]
[Black "Kovalevsky, Stanislav"]
[WhiteFideId "30966396"]
[BlackFideId "13508598"]
[WhiteElo "2283"]
[BlackElo "2174"]
[Result "1-0"]
[Round "09"]
[TimeControl "180+2"]
[Date "2023.04.11"]
[WhiteClock "0:00:06"]
[BlackClock "0:00:19"]

1. e4 e6 2. d4 d5 3. exd5 exd5 4. Nf3 Nf6 5. Bd3 Bg4 6. h3 Bh5 7. O-O Be7 8. c4 O-O 9. Nc3 c6 10. Bf4 dxc4 11. Bxc4 Bxf3 12. Qxf3 Qxd4 13. Bb3 Nbd7 14. Rad1 Qb4 15. Rfe1 Rfe8 16. Rxd7 Nxd7 17. Bxf7+ Kh8 18. Bxe8 Rxe8 19. Bg5 Nf6 20. Bxf6 gxf6 21. a3 Qxb2 22. Qh5 Rd8 23. Ne4 Qe5 24. Qe2 f5 25. f4 Qxe4 26. Qb2+ Kg8 27. Rxe4 fxe4 28. Qxb7 Bc5+ 29. Kf1 e3 30. Qxc6 Bb6 31. a4 Rd1+ 32. Ke2 Rd2+ 33. Ke1 Rb2 34. Qe8+ Kg7 35. Qe5+ Kg6 36. Qxb2 Ba5+ 37. Ke2 Bd2 38. Qe5 h5 39. g4 hxg4 40. hxg4 Kf7 41. Qxe3 a5 42. Qxd2 1-0


[Site "https://www.chess.com"]

[Event "Titled Tuesday Blitz April 11 Late 2023"]
[White "Bas Mas, Jose Joaquin"]
[Black "Mamedov, Edgar"]
[WhiteFideId "22219064"]
[BlackFideId "13739980"]
[WhiteElo "2233"]
[BlackElo "2330"]
[Result "0-1"]
[Round "09"]
[TimeControl "180+2"]
[Date "2023.04.11"]
[WhiteClock "0:00:52"]
[BlackClock "0:01:54"]

1. e4 c5 2. Nc3 e6 3. Nf3 Nc6 4. g3 d5 5. exd5 exd5 6. d4 cxd4 7. Nxd4 Nf6 8. Bg2 Bg4 9. f3 Bd7 10. Bf4 Bc5 11. Qe2+ Qe7 12. Ndb5 O-O 13. Qxe7 Bxe7 14. O-O-O Rad8 15. Nxd5 Nxd5 16. Rxd5 Nb4 17. Rxd7 Rxd7 18. a3 Nd5 19. Bd2 a6 20. Nd4 Bc5 21. Nb3 Be3 22. f4 Bxd2+ 23. Nxd2 Ne3 24. Bf3 Rc8 25. c3 f5 26. Re1 Nd5 27. Kb1 Nxc3+ 28. bxc3 Rxd2 29. Bd5+ Rxd5 0-1


[Site "https://www.chess.com"]

[Event "Titled Tuesday Blitz April 11 Late 2023"]
[White "Davidson, Kevin"]
[Black "Mendez Fortes, Eduardo Jesus"]
[WhiteFideId "2056810"]
[BlackFideId "3502376"]
[WhiteElo "2151"]
[BlackElo "2307"]
[Result "0-1"]
[Round "09"]
[TimeControl "180+2"]
[Date "2023.04.11"]
[WhiteClock "0:01:32"]
[BlackClock "0:02:15"]

1. e4 c5 2. Nf3 d6 3. d4 cxd4 4. Nxd4 Nf6 5. Nc3 a6 6. h3 e5 7. Nde2 h5 8. Bg5 Be6 9. Bxf6 Qxf6 10. Nd5 Qd8 11. Nec3 Nc6 12. Bc4 g6 13. O-O Bh6 14. Qd3 Rc8 15. Bb3 O-O 16. Rad1 Nd4 17. f4 Nxb3 18. axb3 b5 19. f5 Bd7 20. Ra1 b4 21. Kh1 bxc3 0-1


[Site "https://www.chess.com"]

[Event "Titled Tuesday Blitz April 11 Late 2023"]
[White "Alimpic, Aleksa"]
[Black "Cori T., Deysi"]
[WhiteFideId "974323"]
[BlackFideId "3801934"]
[WhiteElo "2273"]
[BlackElo "2292"]
[Result "1/2-1/2"]
[Round "09"]
[TimeControl "180+2"]
[Date "2023.04.11"]
[WhiteClock "0:00:02"]
[BlackClock "0:00:14"]

1. d4 e6 2. c4 b6 3. Nc3 Bb7 4. a3 f5 5. Nf3 Nf6 6. g3 Be7 7. Bg2 O-O 8. O-O Qe8 9. Re1 Qh5 10. Ne5 Bxg2 11. Kxg2 d6 12. Nf3 Nbd7 13. e4 Rae8 14. exf5 exf5 15. Bg5 h6 16. Bxf6 Nxf6 17. d5 f4 18. Nd4 Ng4 19. h3 f3+ 20. Nxf3 Nxf2 21. Kxf2 Qxh3 22. Rh1 Qg4 23. Kg2 Bf6 24. Qd3 Bxc3 25. bxc3 Rxf3 26. Qxf3 Re2+ 27. Qxe2 Qxe2+ 28. Kh3 Qxc4 29. Rae1 Qxd5 30. Re8+ Kh7 31. Rhe1 c5 32. R8e7 a5 33. Rc7 Qf5+ 34. Kg2 Qc2+ 35. Kh3 Qxc3 36. Ree7 Qf6 37. a4 d5 38. Red7 d4 39. Kg2 Qe5 40. Re7 Qd5+ 41. Kh3 Qg5 42. Red7 Qf6 43. Kg2 Qg5 44. Kf3 Qe3+ 45. Kg2 Qe2+ 46. Kh3 Qe5 47. Kg2 d3 48. Kf3 Qf5+ 49. Ke3 c4 50. Rxg7+ Kh8 51. Rgf7 Qe5+ 52. Kd2 Qb2+ 53. Ke3 Qe5+ 54. Kd2 Qg5+ 55. Kc3 Qe5+ 56. Kd2 1/2-1/2


[Site "https://www.chess.com"]

[Event "Titled Tuesday Blitz April 11 Late 2023"]
[White "Senthilkumar, Pranav"]
[Black "Rosen, Eric"]
[WhiteFideId "2083477"]
[BlackFideId "2032562"]
[WhiteElo "1860"]
[BlackElo "2331"]
[Result "1-0"]
[Round "09"]
[TimeControl "180+2"]
[Date "2023.04.11"]
[WhiteClock "0:01:15"]
[BlackClock "0:00:01"]

1. d4 d5 2. Nf3 Nf6 3. c4 e6 4. h3 dxc4 5. Qa4+ Nbd7 6. Qxc4 c5 7. e3 Rb8 8. Qd3 b5 9. Nc3 a6 10. Be2 Bb7 11. O-O Bd6 12. b3 Qc7 13. Bb2 cxd4 14. Nxd4 Ne5 15. Qd2 b4 16. Ncb5 Qe7 17. Nf5 exf5 18. Nxd6+ Kf8 19. Nxf5 Qc5 20. Bxe5 Qxe5 21. Qxb4+ Ke8 22. Nd6+ Kd7 23. Nxb7 Nd5 24. Qa4+ Ke7 25. Na5 Rb4 26. Nc6+ Kd6 27. Nxe5 Rxa4 28. bxa4 Kxe5 29. Bxa6 h6 30. Rac1 g5 31. Rc5 1-0


[Site "https://www.chess.com"]

[Event "Titled Tuesday Blitz April 11 Late 2023"]
[White "Francisco Guecamburu, Candela Be"]
[Black "Vivas Zamora, Fabian Ernesto"]
[WhiteFideId "160911"]
[BlackFideId "3902480"]
[WhiteElo "2326"]
[BlackElo "2262"]
[Result "1-0"]
[Round "09"]
[TimeControl "180+2"]
[Date "2023.04.11"]
[WhiteClock "0:01:06"]
[BlackClock "0:00:01"]

1. e4 c5 2. Nf3 d6 3. Bb5+ Nd7 4. d4 cxd4 5. Qxd4 a6 6. Be2 Ngf6 7. O-O g6 8. Nc3 Bg7 9. Rd1 O-O 10. e5 dxe5 11. Nxe5 Qa5 12. Nc4 Qc5 13. Be3 Qxd4 14. Bxd4 b5 15. Bf3 Rb8 16. Na5 e5 17. Be3 b4 18. Nd5 e4 19. Nxf6+ Nxf6 20. Be2 Bg4 21. Bxg4 Nxg4 22. Nc6 Rb7 23. Bd4 Rc8 24. Bxg7 Kxg7 25. Nd4 Ne5 26. Re1 f5 27. f3 Rd7 28. Rad1 Kf6 29. fxe4 fxe4 30. Rxe4 Rxc2 31. Rf1+ Kg7 32. Ne6+ Kh6 33. Rh4# 1-0


[Site "https://www.chess.com"]